 Dungeon Crawl Stone Soup version 0.29.1-15-g9cfb28693d (webtiles) character file.

Game seed: 9905822186975251505

5734 Barneous the Covert (level 10, -5/61 HPs)
             Began as an Octopode Conjurer on Mar 23, 2023.
             Was a Follower of Sif Muna.
             Slain by an eight-headed hydra (6 damage)
             ... on level 11 of the Dungeon.
             The game lasted 00:41:45 (11008 turns).

Barneous the Covert (Octopode Conjurer)            Turns: 11008, Time: 00:41:46

Health: -5/61      AC:  9    Str:  7    XL:     10   Next: 77%
Magic:  17/20      EV: 16    Int: 24    God:    Sif Muna [*.....]
Gold:   375        SH:  0    Dex: 17    Spells: 11/22 levels left

rFire   . . .      SeeInvis .   m - +5 short sword (holy)
rCold   + . .      Faith    .   (no shield)
rNeg    + . .      Spirit   .   (helmet restricted)
rPois   .          Reflect  .   f - amulet of magic regeneration
rElec   .          Harm     .   g - ring of positive energy
rCorr   +          Rampage  .   e - +4 ring of protection
Will    .....                   l - +6 ring of dexterity
Stlth   ++++++....              q - ring of resist corrosion
HPRegen 0.20/turn               r - ring of protection from cold
MPRegen 0.57/turn               h - ring of flight
                                u - +4 ring of protection
                                (no ring)

@: about to teleport, flying
A: almost no armour, amphibious, 8 rings, camouflage 1, gelatinous body 1,
(nimble swimmer 1), tentacles
a: Renounce Religion, Channel Magic


You were on level 11 of the Dungeon.
You worshipped Sif Muna.
Sif Muna was aware of your devotion.
You visited 2 branches of the dungeon, and saw 11 of its levels.

You collected 375 gold pieces.

Inventory:

Hand Weapons
 i - a +0 rapier
 m - a +5 short sword of holy wrath (weapon)
Missiles
 p - 3 throwing nets
Jewellery
 e - a +4 ring of protection (right tentacle)
 f - an amulet of magic regeneration (around mantle)
 g - a ring of positive energy (left tentacle)
 h - a ring of flight (on tentacle)
 l - a +6 ring of dexterity (on tentacle)
 q - a ring of resist corrosion (on tentacle)
 r - a ring of protection from cold (on tentacle)
 u - a +4 ring of protection (on tentacle)
Wands
 a - a wand of flame (11)
 n - a wand of digging (7)
 s - a wand of paralysis (7)
Scrolls
 b - 2 scrolls of teleportation
 c - a scroll of identify
 d - 3 scrolls of enchant armour
 j - 2 scrolls of amnesia
 k - a scroll of summoning


   Skills:
 + Level 2.6 Fighting
 + Level 5.4 Short Blades
 * Level 6.5 Dodging
 * Level 10.1 Stealth
 * Level 6.0 Unarmed Combat
 * Level 6.9 Spellcasting
 + Level 6.6 Conjurations
 + Level 0.3 Hexes
 + Level 0.7 Summonings
 + Level 0.5 Transmutations
 + Level 1.7 Evocations


You had 11 spell levels left.
You knew the following spells:

 Your Spells              Type           Power      Damage    Failure   Level
a - Magic Dart            Conj           100%       1d8       1%          1
b - Searing Ray           Conj           80%        2d7       1%          2
c - Summon Small Mammal   Summ           44%        N/A       5%          1
d - Summon Guardian Gole  Hex/Summ       10%        N/A       17%         3
e - Sandblast             Erth           16%        2d6       8%          1
f - Mephitic Cloud        Conj/Pois/Air  18%        N/A       9%          3

Your spell library contained the following spells:

 Spells                   Type           Power      Damage    Failure   Level
 Dazzling Flash           Conj/Hex       50%        N/A       5%          3
 Stone Arrow              Conj/Erth      48%        3d10      5%          3
 Beastly Appendage        Tmut           20%        N/A       6%          1
 Wereblood                Tmut           10%        N/A       9%          2
 Passwall                 Tmut/Erth      7%         N/A       10%         2
 Call Canine Familiar     Summ           11%        N/A       16%         3
 Fulminant Prism          Conj/Hex       12%        3d9       17%         4
 Iskenderun's Mystic Bla  Conj/Tloc      24%        2d7       19%         4
 Sticky Flame             Conj/Fire      24%        2d5       19%         4
 Spider Form              Tmut/Pois      9%         N/A       21%         3


Dungeon Overview and Level Annotations

Branches:
Dungeon (9/15)             Temple (1/1) D:6
   Lair: D:8-11         Orc: D:9-12

Altars:
Ashenzari
Cheibriados
Dithmenos
Fedhas
Gozag
Hepliaklqana
Kikubaaqudgha
Makhleb
Nemelex Xobeh
Okawaru
Qazlal
Ru
Sif Muna
Trog
Uskayaw
Vehumet
Wu Jian
Xom
Yredelemnul
Zin
The Shining One

Shops:
D:9 [


Innate Abilities, Weirdness & Mutations

You cannot wear most types of armour.
You are amphibious.
You can wear up to eight rings at the same time.
Your skin changes colour to match your surroundings (Stealth+).
Your rubbery body absorbs attacks. (AC +1, EV +1)
((You are camouflaged when in or above water. (Stealth+)))
You have tentacles for arms and can constrict up to eight enemies at once.


Message History

The eight-headed hydra is lightly wounded.
Aiming: Magic Dart (safe; 1% risk of failure)
Press: ? - help, Q - select action, (/) - cycle Shift-Dir - straight line, f/p - eight-headed hydra
Aim: an eight-headed hydra (lightly wounded, ally target, 100% to hit)
The magic dart hits the eight-headed hydra.
The eight-headed hydra is moderately wounded.
Aiming: Magic Dart (safe; 1% risk of failure)
Press: ? - help, Q - select action, (/) - cycle Shift-Dir - straight line, f/p - eight-headed hydra
Aim: an eight-headed hydra (moderately wounded, ally target, 100% to hit)
The magic dart hits the eight-headed hydra.
The eight-headed hydra is moderately wounded.
You puncture the eight-headed hydra!
The eight-headed hydra is moderately wounded.
The eight-headed hydra barely misses you.
The eight-headed hydra completely misses you.
The eight-headed hydra bites you! The eight-headed hydra misses you.
The eight-headed hydra bites you but does no damage.
The eight-headed hydra barely misses you.
The eight-headed hydra misses you. The eight-headed hydra bites you!
You barely miss the eight-headed hydra.
The eight-headed hydra is moderately wounded.
The eight-headed hydra barely misses you.
The eight-headed hydra bites you. The eight-headed hydra bites you!
The eight-headed hydra bites you. x2; The eight-headed hydra bites you!
* * * LOW HITPOINT WARNING * * *
The eight-headed hydra completely misses you.
The eight-headed hydra misses you.
You aren't carrying any potions.
As you read the scroll of teleportation, it crumbles to dust.
You feel strangely unstable.
An orc warrior comes into view.
It is wielding a +1 long sword of protection.
An orc priest comes into view. It is wielding a +0 flail.
An orc comes into view. It is wielding a +0 club.
The eight-headed hydra bites you but does no damage.
The eight-headed hydra closely misses you.
The eight-headed hydra bites you but does no damage. x2
The eight-headed hydra bites you.
* * * LOW HITPOINT WARNING * * *
The eight-headed hydra bites you.
You die...

#..####.#
#....°o#
######.## #...#
#...# #...#
#...# #...#
#.D@#
......9.......#
..............#
..............#
###.......###.#
#.......# #
#.......#
#o..o....


You could see an eight-headed hydra (ally target), an orc warrior (distracted),
an orc priest, an orc and a friendly guardian golem (summoned).

Vanquished Creatures
  A two-headed ogre (D:11)
  A deep elf pyromancer (D:7)
  A hornet (D:7)
  A shadow (D:9)
  2 yaks
  A steam dragon (D:7)
  Menkaure (D:6)
  2 water moccasins
  3 sky beasts
  2 ice beasts (D:7)
  2 black bears (D:6)
  2 orc warriors
  2 ogres (D:5)
  A centaur (D:6)
  A phantom (D:4)
  4 bullfrogs
  3 scorpions
  12 wights
  4 howler monkeys
  2 electric eels (D:7)
  6 hounds
  2 gnoll boudas
  6 jellies
  An orc priest (D:7)
  4 iguanas
  7 orc wizards
  16 gnolls
  6 adders
  2 white imps
  2 worms
  3 dart slugs
  23 orcs
  7 endoplasms
  4 giant cockroaches
  5 goblins
  11 hobgoblins
  2 jackals (D:1)
  7 kobolds
  4 quokkas
  5 ball pythons
  7 bats
  A frilled lizard (D:1)
  5 rats
184 creatures vanquished.

Vanquished Creatures (others)
  A yak (D:9)
  A gnoll bouda (D:8)
  2 gnolls (D:8)
  7 plants (D:7)
11 creatures vanquished.

Grand Total: 195 creatures vanquished

Notes
Turn   | Place    | Note
-------+----------+-------------------------------------------
     0 | D:1      | Barneous the Octopode Conjurer began the quest for the Orb.
     0 | D:1      | Reached XP level 1. HP: 11/11 MP: 3/3
   156 | D:1      | Reached skill level 3 in Stealth
   156 | D:1      | Reached XP level 2. HP: 17/17 MP: 0/5
   876 | D:1      | Reached XP level 3. HP: 21/21 MP: 6/6
  1079 | D:1      | Found a faded altar of an unknown god.
  1455 | D:2      | Reached skill level 1 in Unarmed Combat
  1794 | D:2      | Reached XP level 4. HP: 27/27 MP: 2/7
  2298 | D:3      | Identified the +2 leather armour "Gimir" {Int+3}
  2471 | D:3      | Found a glowing golden altar of the Shining One.
  2519 | D:3      | Learned a level 2 spell: Searing Ray
  2521 | D:3      | Learned a level 1 spell: Summon Small Mammal
  2524 | D:3      | Reached XP level 5. HP: 31/31 MP: 6/8
  2636 | D:3      | Reached skill level 4 in Stealth
  2868 | D:3      | Found a sacrificial altar of Ru.
  3196 | D:4      | Found a broken altar of Ashenzari.
  3204 | D:4      | Found a shadowy altar of Dithmenos.
  3206 | D:4      | Found a radiant altar of Vehumet.
  3208 | D:4      | Found a stormy altar of Qazlal.
  3353 | D:4      | Reached skill level 1 in Short Blades
  3446 | D:4      | Found a burning altar of Makhleb.
  3496 | D:4      | Noticed a phantom
  3513 | D:4      | Killed a phantom
  3514 | D:4      | Reached skill level 5 in Stealth
  3514 | D:4      | Reached XP level 6. HP: 25/36 MP: 1/10
  3709 | D:4      | Noticed a water moccasin
  3757 | D:4      | Reached skill level 5 in Conjurations
  3804 | D:4      | Found a hazy altar of Hepliaklqana.
  3820 | D:4      | Killed a water moccasin
  3821 | D:4      | Reached XP level 7. HP: 12/42 MP: 0/11
  4053 | D:4      | Reached skill level 6 in Stealth
  4267 | D:5      | Entered Level 5 of the Dungeon
  4631 | D:5      | Reached skill level 1 in Fighting
  5084 | D:5      | Found a snail-covered altar of Cheibriados.
  5410 | D:5      | Reached XP level 8. HP: 48/48 MP: 7/13
  5455 | D:5      | Learned a level 2 spell: Wereblood
  5770 | D:6      | Reached skill level 1 in Evocations
  5841 | D:6      | Found a blossoming altar of Fedhas.
  6138 | D:6      | Learned a level 1 spell: Sandblast
  6181 | D:6      | Reached skill level 7 in Stealth
  6351 | D:6      | Noticed Menkaure
  6356 | D:6      | Killed Menkaure
  6357 | D:6      | Reached skill level 5 in Spellcasting
  6418 | D:6      | Found a staircase to the Ecumenical Temple.
  6426 | Temple   | Entered the Ecumenical Temple
  6431 | Temple   | Became a worshipper of Sif Muna the Loreminder
  6710 | D:6      | Identified the +2 mace of Xaligh {drain, *Slow Fly Dex+7}
  7039 | D:7      | Noticed a hornet
  7043 | D:7      | Paralysed by a hornet for 1 turns
  7047 | D:7      | Killed a hornet
  7048 | D:7      | Reached skill level 8 in Stealth
  7048 | D:7      | Reached XP level 9. HP: 21/53 MP: 15/17
  8037 | D:7      | Noticed a deep elf pyromancer
  8200 | D:7      | Killed a deep elf pyromancer
  8201 | D:7      | Reached skill level 5 in Dodging
  8209 | D:7      | Reached skill level 5 in Unarmed Combat
  8334 | D:7      | Reached XP level 10. HP: 51/60 MP: 16/19
  8509 | D:7      | Reached skill level 9 in Stealth
  8509 | D:7      | Reached * piety under Sif Muna
  9575 | D:8      | Learned a level 3 spell: Summon Guardian Golem
  9767 | D:8      | Got the Discourse on the Barrage
  9772 | D:8      | Learned a level 3 spell: Mephitic Cloud
 10219 | D:9      | Found Uhepliuley's Antique Armour Emporium.
 10565 | D:9      | Reached skill level 5 in Short Blades
 10985 | D:9      | You are sucked into a shaft and drop 2 floors!
 10988 | D:11     | Noticed a two-headed ogre
 10994 | D:11     | Killed a two-headed ogre
 10995 | D:11     | Reached skill level 10 in Stealth
 10999 | D:11     | Noticed an eight-headed hydra
 11008 | D:11     | HP: 1/61 [eight-headed hydra (5)]
 11008 | D:11     | Slain by an eight-headed hydra

Illustrated notes

Levels and vault maps discovered:
D:1:      eino_arrival_cavern_a, layout_rooms,
          shapermc_ecumenical_altar_mp_highgroup, corexii_leaking_fountain,
          minivault_19, minmay_tromino_v4_c
D:2:      layout_basic
D:3:      layout_loops_ring, nicolae_ru_sacrificial_ziggurat,
          mainiacjoe_overflow_small_starburst
D:4:      layout_gridville, makhleb_heckhound_becter, lemuel_crystal_altar,
          minitemple
D:5:      layout_layer_cave, cheibriados_altar_1
D:6:      layout_loops_ring, old_standard_altar,
          minmay_temple_entry_glassed_door, uniq_menkaure
D:7:      layout_cave_pools, serial_bayou, serial_bayou_shore_b,
          serial_bayou_ford_a, serial_bayou_pond_b, serial_bayou_pond_b
D:8:      layout_basic
D:9:      lemuel_troll_bridge, layout_basic, lair_entry_dummy, special_room
          [special_room_orc], serial_shops, shop
D:11:     layout_loops_cross, uniq_grum
Temple:   nicolae_temple_bog_church

Skill      XL: |  1  2  3  4  5  6  7  8  9 10 |
---------------+-------------------------------+-----
Stealth        | 3 5 6 8 10 | 10.1
Unarmed Combat | 1 2 4 5 6 |  6.0
Short Blades   | 1 2 4 5 |  5.4
Spellcasting   | 3 5 6 |  6.9
Dodging        | 3 4 5 6 |  6.5
Conjurations   | 5 6 |  6.6
Fighting       | 1 2 |  2.6
Evocations     | 1 |  1.7
Hexes          | |  0.3
Summonings     | |  0.7
Transmutations | |  0.5

Action                   |  1- 3 |  4- 6 |  7- 9 | 10-12 || total
-------------------------+-------+-------+-------+-------++-------
Melee: Dagger            |    44 |       |       |       ||    44
       Tentacles         |     9 |     8 |    43 |    20 ||    80
       Constrict         |     7 |    12 |    27 |    16 ||    62
       Punch             |     1 |     1 |     3 |     1 ||     6
       Short sword       |     1 |    54 |   136 |   104 ||   295
 Cast: Magic Dart        |    41 |    50 |   111 |    13 ||   215
       Searing Ray       |       |     6 |    20 |     3 ||    29
       Summon Small Mamm |       |       |     1 |     1 ||     2
       Wereblood         |       |       |     1 |       ||     1
       Summon Guardian G |       |       |       |     6 ||     6
       Mephitic Cloud    |       |       |       |     1 ||     1
Evoke: Wand              |       |       |     9 |     6 ||    15
  Use: Scroll            |     7 |     6 |     7 |     7 ||    27
       Potion            |     4 |     3 |     6 |     3 ||    16
 Stab: Sleeping          |     5 |     5 |     4 |     6 ||    20
       Paralysed         |       |       |       |     3 ||     3
       Distracted        |       |       |       |     1 ||     1
       Confused          |       |       |       |     1 ||     1
Armor: Skin              |     3 |    17 |    50 |    31 ||   101
Dodge: Dodged            |    22 |    36 |    89 |    71 ||   218
